Cogmind - Beta 16.1 @@@ ROGUE MODE // 2026.04.23 @ 02:33:21 Player: KURIIRI Result: Destroyed by BQ-C32(R) with Subdweller Machine Gun Performance ------------- Evolutions (0) 0 Regions Visited (2) 400 Robots Destroyed (34) 170 Value Destroyed (795) 795 Prototype IDs (0) 0 Alien Tech Used (0) 0 Bonus (-11) -11 TOTAL SCORE: 1354 Bonus ------- Friendly Fire -11 Cogmind --------- Core Integrity 0/250 Matter 291/300 Energy 84/100 System Corruption 3% Temperature Cool (0) Movement Rolling (130) Ox2 Location -10/Subcaves Parts ------- > --- POWER (1) -------- (None) > --- PROPULSION (2) --- Compact Wheel > --- UTILITY (2) ------ High-capacity Storage Unit > --- WEAPON (2) ------- Subdweller Laser > --- INVENTORY (20) --- Wheel Hacking Suite Subdweller Beam Cannon Multitool Peak State ------------ > --- POWER ------------ Ion Engine > --- PROPULSION ------- Light Treads Light Treads > --- UTILITY ---------- High-capacity Storage Unit Makeshift Light Armor Plating > --- WEAPON ----------- Subdweller Beam Cannon Subdweller Machine Gun > --- INVENTORY -------- Ion Engine Ion Engine Ion Engine Light Ion Engine Wheel Compact Wheel Compact Wheel Hacking Suite Medium Laser Light Assault Rifle Battle Rifle Multitool [Rating: 13] Favorites ----------- Power Ion Engine Engine Ion Engine Propulsion Light Treads Treads Light Treads Leg Aluminum Leg Wheel Compact Wheel Utility Tractor Beam Device Tractor Beam Storage High-capacity Storage Unit Protection Makeshift Light Armor Plating Weapon Medium Laser Energy Gun Medium Laser Energy Cannon Subdweller Beam Cannon Ballistic Gun Subdweller Machine Gun Build | -11 -10 -10 ------- Run | Yrd Mat Sub Slots Evolved . | . . . Power . | . . . Propulsion . | . . . Utility . | . . . Weapon . | . . . Parts Attached 18 | 3 4 11 Power 1 | . 1 . Engine 1 | . 1 . Core . | . . . Reactor . | . . . Propulsion 4 | 2 . 2 Treads 2 | 2 . . Leg . | . . . Wheel 2 | . . 2 Hover . | . . . Flight . | . . . Utility 4 | 1 1 2 Device 1 | 1 . . Storage 1 | . 1 . Processor . | . . . Hackware . | . . . Protection 2 | . . 2 Artifact . | . . . Weapon 9 | . 2 7 Energy Gun 4 | . 1 3 Energy Cannon 2 | . . 2 Ballistic Gun 3 | . 1 2 Ballistic Cannon . | . . . Launcher . | . . . Special Weapon . | . . . Impact Weapon . | . . . Slashing Weapon . | . . . Piercing Weapon . | . . . Special Melee Weapon . | . . . Unidentified Prototypes . | . . . Parts Lost 9 | . 1 8 Power 1 | . . 1 Propulsion 3 | . . 3 Utility 1 | . . 1 Weapon 4 | . 1 3 Highest Loss Streak 3 | . 1 3 To Critical Strikes . | . . . Average Backups 8 | 6 7 9 Power 3 | 1 2 3 Propulsion 2 | 4 2 2 Utility 1 | . 1 1 Weapon 1 | 1 1 2 Tool/Special . | . . . Unused Backups 12 | . 4 8 Power 5 | . 1 4 Propulsion 2 | . 1 1 Utility 2 | . 1 1 Weapon 2 | . 1 1 Tool/Special 1 | . . 1 Average Slot Usage (%) 97 | . 99 95 Engine 14 | . 14 14 Treads 24 | . 28 22 Wheel 2 | . . 4 Device 10 | . 14 7 Storage 13 | . 14 12 Protection 3 | . . 5 Energy Gun 11 | . 20 4 Energy Cannon 6 | . . 10 Ballistic Gun 10 | . 7 13 Peak Build Rating 13 | 7 8 13 Average Rating 9 | 6 7 10 On Entrance 7 | 6 7 8 Avg Prop Armor Cover (%) 10 | . . 10 Naked Turns . | . . . Heaviest Build 61 | 12 50 61 Greatest Support 40 | 40 40 40 Greatest Overweight (x) 3 | . 1 3 Average Overweight (x) . | . . 1 Largest Inventory Capacity 20 | 8 20 20 Average Capacity 15 | 8 12 18 Most Carried 12 | 6 10 12 Average Carried 9 | 5 7 9 Final Capacity 20 | 8 20 20 Final Carried 9 | 4 9 4 Class Distribution -------------------- 96% | Mutant 3% | Subdweller-Mutant Dominant Class ---------------- Mutant | -10/Materials Mutant | -10/Subcaves Resources | -11 -10 -10 ----------- Run | Yrd Mat Sub Matter Collected 555 | 237 77 241 Remotely 197 | 30 77 90 Salvage Created 1047 | 106 558 383 Parts 69 | 6 40 23 Haulers Intercepted 1 | . 1 . Recyclers Shooed 1 | 1 . . Parts Field Recycled . | . . . Retrieved Matter . | . . . Parts Self-Destructed 11 | . . 11 Prevented . | . . . Parts Restored . | . . . Kills | -11 -10 -10 ------- Run | Yrd Mat Sub Combat Hostiles Destroyed 23 | . 13 10 Guns 20 | . 12 8 Cannons 2 | . . 2 AOE 1 | . 1 . Classes Destroyed 11 | 2 6 3 Builder 4 | . 4 . Tunneler 1 | 1 . . Hauler 1 | . 1 . Recycler 1 | 1 . . Operator 3 | . 3 . Watcher 1 | . 1 . Swarmer 7 | . 6 1 Grunt 7 | . 7 . Sentry 1 | . . 1 Artisan 1 | . . 1 Subdweller 8 | . . 8 Best Kill Streak 3 | 2 3 3 Combat Bots Only 3 | . 3 3 Max Kills in Single Turn 2 | 1 2 1 Gunslinging 1 | . 1 . Exploded 1 | . 1 . Melee . | . . . Uniques/NPCs Destroyed . | . . . Combat | -11 -10 -10 -------- Run | Yrd Mat Sub Hostile Shots Fired 115 | . 50 65 Missed 28 | . 14 14 Hits 87 | . 36 51 Projectile 87 | . 36 51 Critical Strikes 1 | . . 1 Damage Taken 1486 | . 421 1065 Core 258 | . 121 137 Absorbed by Shields . | . . . Core Remaining (%) 100 | 100 . . Volleys Fired 143 | 7 56 80 Largest 2 | 2 2 2 Hottest 110 | 70 90 110 Shots Fired 202 | 14 91 97 Gun 168 | 14 91 63 Cannon 34 | . . 34 Launcher . | . . . Special . | . . . Kinetic 70 | 7 21 42 Thermal 91 | 7 38 46 Explosive . | . . . Electromagnetic 41 | . 32 9 Robot Hit Streak 15 | 3 9 15 Robot Miss Streak 6 | 6 3 2 Penetration Max . | . . . Secondary Targets 2 | . 2 . Max Gunslinging Chain 1 | . 1 . Shots Hit Robots 123 | 5 56 62 Core Hits 55 | 3 32 20 Critical Kills . | . . . Critical Parts Destroyed . | . . . Critical Strikes 4 | . 3 1 Burn 4 | . 3 1 Melee Attacks . | . . . Impact . | . . . Slashing . | . . . Piercing . | . . . Sneak Attacks . | . . . Combat Hostiles . | . . . Follow-up Attacks . | . . . Damage Inflicted 2270 | 70 820 1380 Guns 1480 | 70 721 689 Cannons 691 | . . 691 Explosions 91 | . 91 . Melee . | . . . Ramming 8 | . 8 . Kinetic 559 | 32 121 406 Thermal 1289 | 38 438 813 Explosive . | . . . Electromagnetic 414 | . 253 161 Impact . | . . . Slashing . | . . . Piercing . | . . . Highest Corruption 3 | . 3 3 Average Corruption 2 | . 2 3 Corruption Purged . | . . . Corruption Blocked . | . . . Effects 41 | . 18 23 Message Errors 10 | . 5 5 Matter Fused 8 | . 3 5 Heat Flow Errors 4 | . 2 2 Energy Discharges 2 | . 1 1 Parts Fused 1 | . 1 . Data Loss (minor) 9 | . 4 5 Data Loss (major) 1 | . . 1 Misfires 2 | . . 2 Alerts 1 | . . 1 Weapon Failures 3 | . 2 1 Overload Shots . | . . . Overflow Damage 16 | . . 16 Projectiles 16 | . . 16 Explosions . | . . . Melee . | . . . Knockbacks . | . . . Impact . | . . . Kinetic . | . . . Secondary . | . . . Self-Inflicted Damage . | . . . Shots . | . . . Rammed 4 | . 4 . Targets Rammed 5 | . 5 . Kicked . | . . . Crushed 1 | . 1 . Highest Temperature 237 | 60 237 236 Average Temperature 56 | 28 63 49 Received Heat Transfer 216 | . 96 120 Effects 1 | . 1 . Interference 1 | . 1 . Siege Activations . | . . . Martial Activations . | . . . Shielding Activations . | . . . Robots Disrupted 1 | . 1 . Combat Hostiles 1 | . 1 . Robots Corrupted . | . . . Combat Hostiles . | . . . Parts Fried . | . . . Impact Corruptions . | . . . Robots Melted . | . . . Combat Hostiles . | . . . Parts Melted 4 | . 4 . Heat Transferred 2741 | 111 1371 1259 Parts Sabotaged . | . . . Parts Stolen . | . . . Parts Stripped . | . . . Power Chain Reactions 2 | . 2 . Alert | -11 -10 -10 ------- Run | Yrd Mat Sub Maximum Alert Level . | . . . Low Security (%) 100 | 100 100 . Level 1 . | . . . Level 2 . | . . . Level 3 . | . . . Level 4 . | . . . Level 5 . | . . . High Security . | . . . Max Security . | . . . Peak Influence 124 | 5 124 . Initial . | . . . Average 50 | 2 51 . Influence Increases 521 | 10 471 40 Destroy 0b10 Robot/C 300 | . 260 40 Destroy 0b10 Robot/NC 55 | 10 45 . Destroy Leader 64 | . 64 . Successful Hack 5 | . 5 . Select Force Hacks 30 | . 30 . Disable Machine 15 | . 15 . Destroy Structure 7 | . 7 . Lose Combat Pursuer 45 | . 45 . Influence Decreases 521 | 10 461 50 Entered New Map 6 | . . 6 Time Decay 472 | 10 431 31 Lost Part 23 | . 10 13 Lost Ally 20 | . 20 . Squads Dispatched 3 | . 3 . Investigation 2 | . 2 . Extermination . | . . . Reinforcement 1 | . 1 . Assault . | . . . Garrison . | . . . Intercept . | . . . Searches Triggered . | . . . Construction Impeded . | . . . Haulers Reinforced . | . . . Active Scanning Responses . | . . . Cargo Convoy Interrupts . | . . . Stealth | -11 -10 -10 --------- Run | Yrd Mat Sub Distress Signals 1 | . 1 . Communications Jammed . | . . . Distress Signals . | . . . Times Spotted 34 | . 23 11 Peak Tracking Total 4 | . 4 3 Tactical Retreats 2 | . 2 . Traps | -11 -10 -10 ------- Run | Yrd Mat Sub Traps Triggered 3 | . 3 . Indirectly . | . . . Trap Hack Attempts . | . . . Triggered . | . . . Disarmed . | . . . Reprogrammed . | . . . Reused . | . . . Traps Extracted . | . . . Installed . | . . . Triggered . | . . . Machines | -11 -10 -10 ---------- Run | Yrd Mat Sub Machines Disabled 1 | . 1 . Max in Single Turn 1 | . 1 . Machines Repaired . | . . . Machines Dismantled . | . . . Machines Sabotaged . | . . . Overloaded Fab Kills . | . . . Hacking | -11 -10 -10 --------- Run | Yrd Mat Sub Machines Accessed 5 | . 5 . Terminals 4 | . 4 . Fabricators . | . . . Repair Stations . | . . . Recycling Units 1 | . 1 . Scanalyzers . | . . . Garrison Access . | . . . Total Hacks 8 | . 8 . Successful 3 | . 3 . Failed 5 | . 5 . Catastrophic 1 | . 1 . Database Lockouts . | . . . Manual 6 | . 6 . Terminals 7 | . 7 . Fabricators . | . . . Repair Stations . | . . . Recycling Units 1 | . 1 . Scanalyzers . | . . . Garrison Access . | . . . Terminal Hacks 2 | . 2 . Robot Analysis 1 | . 1 . Zone Layout 1 | . 1 . Fabricator Hacks . | . . . Repair Station Hacks . | . . . Recycling Unit Hacks . | . . . Scanalyzer . | . . . Garrison Access Hacks . | . . . Unauthorized Hacks 1 | . 1 . Terminals . | . . . Fabricators . | . . . Repair Stations . | . . . Recycling Units 1 | . 1 . Tunnel 1 | . 1 . Scanalyzers . | . . . Garrison Access . | . . . Data Cores Recovered 1 | . 1 . Used . | . . . Hacking Detections 2 | . 2 . Full Trace Events . | . . . Feedback Events . | . . . Feedback Blocked . | . . . Robot Schematics Acquired . | . . . Robots Built . | . . . Authchips . | . . . Time . | . . . Total Robot Build Rating . | . . . Part Schematics Acquired . | . . . Parts Built . | . . . Authchips . | . . . Time . | . . . Total Part Build Rating . | . . . Part Studies Acquired . | . . . Parts Repaired . | . . . Time . | . . . Parts Recycled . | . . . Recycled Matter . | . . . Retrieved Matter . | . . . Retrieved Components . | . . . Parts Scanalyzed . | . . . Part Schematics Acquired . | . . . Parts Damaged . | . . . Bothacking | -11 -10 -10 ------------ Run | Yrd Mat Sub Used RIF Installer . | . . . Robots Hacked . | . . . Non-combat . | . . . Combat . | . . . Robot Hacks Applied . | . . . Relay Couplers Released . | . . . Fabnet Peak Effective % . | . . . Robots Rewired 1 | . 1 . Allies Hacked . | . . . Hacks Repelled . | . . . Allies | -11 -10 -10 -------- Run | Yrd Mat Sub Total Allies 1 | . 1 . Largest Group 1 | . 1 . Highest-Rated Group 16 | . 16 . Highest-Rated Ally 16 | . 16 . Total Orders . | . . . Ally Attacks 1 | . 1 . Total Damage 13 | . 13 . Kills . | . . . Allies Corrupted . | . . . Allies Melted . | . . . Intel | -11 -10 -10 ------- Run | Yrd Mat Sub Active Infowar (turns) . | . . . Robot Analysis Total 1 | . 1 . Derelict Logs Recovered 1 | . . 1 Drone Launches . | . . . Drone Recoveries . | . . . Exploration | -11 -10 -10 ------------- Run | Yrd Mat Sub Turns Passed 2838 | 46 1176 1616 Spaces Moved 1157 | 19 496 642 Core . | . . . Treads 974 | 1 496 477 Legs 18 | 18 . . Wheels 165 | . . 165 Hover . | . . . Flight . | . . . Fastest Speed 100 | 120 160 100 Average Speed 195 | 122 178 210 Slowest Speed 240 | 160 240 240 Overloaded Moves . | . . . Propulsion Burnouts . | . . . Robots Hopped . | . . . Potential Cave-ins . | . . . Cave-ins Triggered . | . . . Exploration Rate (%) 43 | 4 80 46 Regions Visited 2 Branch Regions 1 Pre-discovered Areas 2 | . 1 1 Known Exits Taken . | . . . Unknown Exits Taken 2 | 1 1 . Scrap Searched . | . . . Spaces Dug . | . . . Terrain Destroyed 10 | . 6 4 Melee . | . . . Projectile 4 | . . 4 AOE 6 | . 6 . Terrain Rammed . | . . . Walls Destroyed . | . . . Machines Disabled . | . . . Actions | -11 -10 -10 --------- Run | Yrd Mat Sub Total 1530 | 30 693 807 Wait 173 | . 113 60 Move 1155 | 18 495 642 Hop . | . . . Pick Up 14 | . 8 6 Fast Attach 5 | 1 . 4 Attach 7 | 2 1 4 Detach . | . . . Swap 7 | . 3 4 Drop 11 | 2 3 6 Fire 143 | 7 56 80 Melee . | . . . Ram . | . . . Kick . | . . . Crush 5 | . 5 . Escape Stasis . | . . . Rewire 9 | . 9 . Trap . | . . . Miscellaneous 1 | . . 1 Route ------- -11/Scrapyard -10/Materials (discovered 4 exits: [*Mat x2] / [*Min] / [*Sub]) -10/Subcaves (discovered 3 exits: [*Mat x2] / Rec) History --------- Turn | Location | Event 13 | -11/Scrapyard | Discovered new exit (range 3) 47 | -11/Scrapyard | Entered Materials 316 | -10/Materials | Build established: Mutant 488 | -10/Materials | Discovered new exit (range 7) 611 | -10/Materials | Discovered new exit (range 16) 949 | -10/Materials | Discovered new exit (range 4) 1201 | -10/Materials | Discovered new exit (range 7) 1223 | -10/Materials | Entered Subcaves 1224 | -10/Subcaves | Approached by a straggling Scientist 1232 | -10/Subcaves | Identified exit to Recycling 1328 | -10/Subcaves | Disturbed a concealed Subdweller 1810 | -10/Subcaves | A swath of the cavern ceiling suddenly collapsed 2043 | -10/Subcaves | Shifting Twisted Machinery released Mak. Light Armor Plating 2116 | -10/Subcaves | Learned location of Zion (-7) 2116 | -10/Subcaves | Met a Zionite searching for "candidates" 2279 | -10/Subcaves | Core integrity fell below 50% 2352 | -10/Subcaves | Discovered new exit (range 5) 2593 | -10/Subcaves | Shifting Twisted Machinery released Riot Gun 2593 | -10/Subcaves | Shifting Twisted Machinery released Sub. Beam Cannon 2662 | -10/Subcaves | Ambushed by Subdwellers from Twisted Machinery 2730 | -10/Subcaves | Core integrity fell below 20% 2756 | -10/Subcaves | Lost 3 parts (1n1u1w) 2794 | -10/Subcaves | Discovered new exit (range 14) 2839 | -10/Subcaves | Destroyed by BQ-C32(R) with Subdweller Machine Gun Last Messages --------------- 02730_ System corrupted: Matter fused (-6). 02730_ 77-18M(R) destroyed. 02733_ Acquired Sub. Laser. 02734_ Acquired 35 matter. 02735_ Subatomizers dissect the Disposable Heat Sink. S2-SJ4(c): "I think it's somewhere northwest of here" 02788_ Y-45 Defender destroyed. 02793_ Beam Rifle fries itself beyond repair. 02794_ EXIT=FOUND 02797_ Acquired 11 matter. 02801_ Corrupted Lgt. Treads fries itself beyond repair. S2-SJ4(c): "I think it's somewhere northwest of here" 02810_ QZ6Z4BOBR#ADVZFGH1EVQ/FXC=KI1TW%&JS0J1 02831_ Riot Gun destroyed. 02835_ Ion Engine destroyed. 02836_ System corrupted: Matter fused (-9). Map ----- +----------------------------------------------------+ | ?????????????????????????????????????????????????? | | ?????????????????????????????????????????????????? | | ?????????????????????????????????????????????????? | | ?????????????????????????????????????????????????? | | ?????????????????????????????????????????????????? | | ?????????????????????????????????????????????????? | | ?????????????????????????????????????????????????? | | ?????????????????????????????????????????????????? | | ?????????????????????????????????????????????????? | | ?????????????????????????????????????????????????? | | ?????????????????????????????????????????????????? | | ?????????????????????????????????????????????????? | | ?????????????????????????????????#####???????????? | | ????????????????????????????????## #???????????? | | ????????????????????????????????# ##??????????? | | ????????????????????????????????# #??????????? | | ?????????????????????????????#### #######???????? | | ????????????????????????????## ### #?????### | | ???????????????????????????## ## #??????#" | | ???????????????????????????# #??????#" | | ???????????????????????????# ###????##" | | ???????????????????????????# ###???# | | ??????????????????????????## ## ##### | | ???????????????" ""??????## #### | | ???????????????" "" ### c % #####??# | | ???????????????" "" R @ &% #??????# | | ?????????????? "" # # #??????# | | ???????????????????## # #?# | | ??????????????????# # # #?# | | ?????????????????# ## #### | | ?????????????????# < #? ##??## | | ????????????????# ## ? #????? | | ??????????????? ######### ? ????? | | ?????????????? ?????????### ????? | | ?????????????# ### ????????????####### ###???? | | ?????????????????####??????????????????#####?????? | | ?????????????????????????????????????????????????? | | ?????????????????????????????????????????????????? | | ?????????????????????????????????????????????????? | | ?????????????????????????????????????????????????? | | ?????????????????????????????????????????????????? | | ?????????????????????????????????????????????????? | | ?????????????????????????????????????????????????? | | ?????????????????????????????????????????????????? | | ?????????????????????????????????????????????????? | | ?????????????????????????????????????????????????? | | ?????????????????????????????????????????????????? | | ?????????????????????????????????????????????????? | | ?????????????????????????????????????????????????? | | ?????????????????????????????????????????????????? | +----------------------------------------------------+ Best States ------------- Heat Dissipation 25 Energy Generation 10 Energy Capacity 250 Matter Stores 300 Matter Capacity 300 Sight Range 16 Terrain Scan Density 10 Armor Coverage 800 Evasion (%) 45 Recoil Reduction 2 Item Schematics ----------------- None Robot Schematics ------------------ None Fabricated ------------ Nothing Repaired ---------- Nothing Studied --------- None Alien Tech Used ----------------- None Achievements -------------- None Challenges ------------ None Game ------ Seed PhaseChromaticTorch Manual? 0 Play Time 00:12:53 Cumulative 426.1 hours Start 2026.04.23 @ 02:22:29 End 2026.04.23 @ 02:33:21 Sessions 1 Manual Loads 0 Difficulty Rogue Special Mode None Game No. 357 Rogue 321 Adventurer 36 Explorer 0 Win Type - Total 5 Types 2/0/0/1/0/0/0/2/0/0 Lore% 77 Gallery% 69 Achievement% 59 Wizard Run 0 Options --------- Layout 1 ASCII 0 Keyboard 0 Movement Mouse Keybinds 0 Fullscreen 1 Font 48/Smallcaps Map View 50x35 Zoom Use 0% Tactical HUD 1 Map Filters NONE Filters NONE Steam 1 RUN: 454c952b-f3b1-4736-bbb2-8e71e2e4aac5